 Dungeon Crawl Stone Soup version 0.25-a0-663-gace7076f2c (webtiles) character file.

Game seed: 13384055570807522046, levelgen mode: deterministic

16801 kae the Grappler (level 12, -5/83 HPs)
             Began as a Yellow Draconian Transmuter on Mar 24, 2020.
             Was a Priest of Wu Jian.
             Slain by a cyclops (11 damage)
             ... on level 12 of the Dungeon.
             The game lasted 00:18:44 (19013 turns).

kae the Grappler (Yellow Draconian Transmuter)     Turns: 19013, Time: 00:18:45

Health: -5/83      AC:  8    Str: 15    XL:     12   Next: 13%
Magic:  21/25      EV: 12    Int: 17    God:    Wu Jian [***...]
Gold:   1945       SH:  0    Dex: 11    Spells: 19/30 levels left

rFire    . . .     SeeInvis .     - Unarmed
rCold    . . .     Gourm    .   (shield currently unavailable)
rNeg     . . .     Faith    .   (armour unavailable)
rPois    +         Spirit   .   (helmet restricted)
rElec    .         Reflect  .   n - scarf {repulsion}
rCorr    +         Harm     .   (gloves currently unavailable)
MR       +....                  (no boots)
Stlth    +.........             (no amulet)
HPRegen  0.23/turn              k - ring of protection from magic
MPRegen  0.19/turn              s - ring of poison resistance

@: blade hands, repel missiles
A: spit acid, unfitting armour, cold-blooded, acid resistance, AC +8
a: Breathe Acid, End Transformation, Wall Jump, Serpent's Lash, Renounce
Religion


You were on level 12 of the Dungeon.
You worshipped Wu Jian.
Wu Jian was most pleased with you.
You were very hungry.
You had blades for hands.
You visited 2 branches of the dungeon, and saw 13 of its levels.
You also visited: Bailey.

You collected 2279 gold pieces.
You spent 334 gold pieces at shops.

Inventory:

Missiles
 a - 143 arrows
Armour
 j - a +2 cloak
 n - a scarf of repulsion (worn)
Jewellery
 d - an uncursed amulet of faith
 k - a ring of protection from magic (left scythe-like blade)
 s - a ring of poison resistance (right scythe-like blade)
 x - an uncursed amulet of rage
 A - an uncursed ring of ice
 B - an uncursed amulet of harm
Wands
 l - a wand of polymorph (8)
 o - a wand of disintegration (26)
 t - a wand of random effects (12)
 v - a wand of digging (5)
 w - a wand of flame (22)
 z - a wand of iceblast (5)
 C - a wand of acid (7)
 F - a wand of enslavement (10)
Scrolls
 i - a scroll of blinking
 y - a scroll of remove curse
 D - 2 scrolls of enchant armour
 E - 2 scrolls of identify
Potions
 b - 4 potions of curing
 e - a potion of brilliance
 f - 2 potions of stabbing
 g - a potion of might
 m - 2 potions of lignification
 p - 5 potions of haste
 r - 2 potions of flight
 u - 2 potions of degeneration
Comestibles
 c - 20 rations


   Skills:
 - Level 1.1 Fighting
 - Level 1.7 Dodging
 - Level 14.0 Unarmed Combat
 + Level 9.6 Spellcasting
 - Level 10.0 Transmutations


You had 19 spell levels left.
You knew the following spells:

 Your Spells              Type           Power        Failure   Level  Hunger
a - Beastly Appendage     Tmut           #####.       8%          1    None
b - Sticks to Snakes      Tmut           #####...     9%          2    None
c - Spider Form           Tmut/Pois      ####......   26%         3    None
d - Blade Hands           Tmut           #####.....   30%         5    #####..

Your spell library contained the following spells:

 Spells                   Type           Power        Failure   Level  Hunger
 Passwall                 Tmut/Erth      ####....     19%         2    None
 Sandblast                Erth           #.....       43%         1    None
 Ice Form                 Ice/Tmut       ####....     47%         4    ###....
 Petrify                  Tmut/Erth      ####....     47%         4    ###....
 Ensorcelled Hibernation  Hex/Ice        #.....       54%         2    None
 Stone Arrow              Conj/Erth      #.....       69%         3    None
 Borgnjor's Vile Clutch   Necr/Erth      #.........   99%         5    #####..
 Lee's Rapid Deconstruct  Erth           #.........   99%         5    #####..
 Silence                  Hex/Air        #.........   99%         5    #####..
 Darkness                 Hex            #.........   100%        6    ######.
 Shadow Creatures         Summ           N/A          100%        6    ######.


Dungeon Overview and Level Annotations

Branches:
Dungeon (12/15)            Temple (1/1) D:7            Lair (0/6) D:11
    Orc (0/2) D:11         Bailey (visited)

Altars:
Ashenzari
Cheibriados
Dithmenos
Elyvilon
Fedhas
Gozag
Hepliaklqana
Kikubaaqudgha
Makhleb
Nemelex Xobeh
Okawaru
Qazlal
Ru
Sif Muna
Trog
Uskayaw
Vehumet
Wu Jian
Xom
Yredelemnul
Zin
The Shining One

Shops:
D:9 *   D:11 [

Annotations:
D:4 3 runed translucent doors, MisterT's ghost, amateur BaFi
D:5 exclusion: statue
D:8 2 transporters, Tenar's ghost, novice BaEE
D:12 Snorg


Innate Abilities, Weirdness & Mutations

You can spit globs of acid.
Your golden yellow scales are hard. (AC +8)
You cannot fit into any form of body armour.
You are cold-blooded and may be slowed by cold attacks.
You are resistant to acid. (rCorr)


Message History

* * * LOW HITPOINT WARNING * * *
The bullfrog hits you.
* * * LOW HITPOINT WARNING * * *
You spin and attack the wyvern repeatedly.
You slash the wyvern!
You kill the wyvern!
The Council accepts your kill.
You spin and attack the bullfrog repeatedly.
You closely miss the bullfrog. You tail-slap the bullfrog.
The bullfrog is almost dead.
You hit the bullfrog.
You kill the bullfrog!
The Council accepts your kill. The cyclops hits you.
* * * LOW HITPOINT WARNING * * *
You see here a bullfrog corpse.
You slice the cyclops!! You slash the cyclops!!
The cyclops is almost dead.
The cyclops hits you!
You die...

.... #..#####....
....$..
#...........
........#
#...........
.........#
#.........##
.........)#
#..####...#
..........######..#
#...##
..................#
#.....
..........†....^..#
#.....
...).....C@.......#
#....#
..........#####...#
#....#
..........##### ..#
#....#
................ .
......#
..........C.....
........
................
......<.
###.............
#...........##
#...........#


You could see a cyclops.

Vanquished Creatures
  Harold (D:11)
  A hydra (D:11)
  The ghost of xnihilo the Cleaver, a journeyman FoBe of Trog (D:9)
  Urug (D:12)
  A deep elf mage (D:12)
  2 ugly things
  A centaur zombie (D:11)
  Joseph (D:9)
  Maurice (D:9)
  Psyche (D:12)
  A gargoyle (D:11)
  A komodo dragon (D:11)
  2 trolls
  A queen bee (D:9)
  2 hornets (D:9)
  Prince Ribbit (D:6)
  2 hippogriffs
  A spriggan (D:7)
  A shadow (D:8)
  14 yaks
  2 wyverns
  Eustachio (D:4)
  2 vampire mosquitoes (D:12)
  Edmund (D:4)
  17 orc warriors
  2 ice beasts
  A black bear (D:10)
  3 sky beasts
  4 phantoms
  A necrophage (D:5)
  3 ogres
  11 centaurs
  10 bullfrogs
  A big kobold (D:7)
  A scorpion (D:6)
  14 killer bees
  3 howler monkeys
  7 crimson imps
  A quasit (D:9)
  A bullfrog zombie (D:10)
  3 hounds
  4 orc priests
  Crazy Yiuf (D:3)
  A gnoll shaman (D:8)
  6 orc wizards
  3 iguanas
  8 worker ants
  A worker ant zombie (D:11)
  5 adders
  5 shadow imps
  2 oozes (D:4)
  2 adder skeletons (D:6)
  An adder zombie (D:7)
  A worm (D:2)
  3 dart slugs
  7 leopard geckos
  44 orcs
  3 ball pythons (D:2)
  6 bats
  8 giant cockroaches
  12 goblins
  7 hobgoblins
  10 kobolds
  4 quokkas
  2 frilled lizards
  2 leopard gecko skeletons (D:4)
  A quokka zombie (D:7)
  3 rats
278 creatures vanquished.

Vanquished Creatures (collateral kills)
  A bat (D:2)
1 creature vanquished.

Grand Total: 279 creatures vanquished

Notes
Turn   | Place    | Note
-------+----------+-------------------------------------------
     0 | D:1      | kae the Draconian Transmuter began the quest for the Orb.
     0 | D:1      | Reached XP level 1. HP: 16/16 MP: 3/3
   475 | D:1      | Reached XP level 2. HP: 21/23 MP: 3/5
   623 | D:1      | Learned a level 2 spell: Sticks to Snakes
  1485 | D:2      | Reached XP level 3. HP: 24/28 MP: 6/6
  1504 | D:2      | Learned a level 3 spell: Spider Form
  2430 | D:3      | Reached skill level 4 in Unarmed Combat
  2432 | D:3      | Reached XP level 4. HP: 27/35 MP: 4/7
  2722 | D:3      | Found an opulent altar of Gozag.
  2758 | D:3      | Found a runed translucent door.
  2759 | D:3      | Noticed Crazy Yiuf
  3292 | D:3      | Killed Crazy Yiuf
  3292 | D:3      | Reached XP level 5. HP: 18/40 MP: 6/9
  3735 | D:4      | Reached skill level 5 in Unarmed Combat
  4028 | D:4      | Reached XP level 6. HP: 37/47 MP: 7/10
  4161 | D:4      | Noticed Edmund
  4182 | D:4      | Killed Edmund
  4426 | D:4      | Found a runed translucent gate.
  4427 | D:4      | Found a runed translucent gate.
  4428 | D:4      | Found a runed translucent gate.
  4431 | D:4      | Noticed MisterT's ghost (amateur BaFi)
  4464 | D:4      | Noticed Eustachio
  4483 | D:4      | Killed Eustachio
  4483 | D:4      | Reached skill level 6 in Unarmed Combat
  4483 | D:4      | Your scales start taking on a golden yellow colour.
  4483 | D:4      | Reached XP level 7. HP: 35/52 MP: 8/12
  4483 | D:4      | Gained mutation: You are resistant to acid. (rCorr) [Yellow
                  | Draconian growth]
  4779 | D:4      | Found a glowing silver altar of Zin.
  4897 | D:4      | Found a snail-covered altar of Cheibriados.
  5052 | D:5      | Entered Level 5 of the Dungeon
  5491 | D:5      | Reached skill level 7 in Unarmed Combat
  5660 | D:5      | Found a radiant altar of Vehumet.
  5765 | D:5      | Found a hide-covered altar of Uskayaw.
  5793 | D:5      | Reached XP level 8. HP: 52/59 MP: 14/14
  5936 | D:6      | Identified a scroll of acquirement
  5936 | D:6      | Identified the +7 broad axe of Blood {freeze, MR++ Dex+3}
                  | (You acquired it on level 6 of the Dungeon)
  5966 | D:6      | Reached skill level 5 in Transmutations
  6044 | D:6      | Noticed Prince Ribbit
  6084 | D:6      | Killed Prince Ribbit
  6084 | D:6      | Reached skill level 5 in Spellcasting
  6101 | D:6      | Reached skill level 8 in Unarmed Combat
  6979 | D:6      | Reached XP level 9. HP: 48/64 MP: 17/17
  7340 | D:7      | Found a staircase to the Ecumenical Temple.
  7355 | D:7      | Reached skill level 9 in Unarmed Combat
  7366 | Temple   | Entered the Ecumenical Temple
  7474 | Temple   | Became a worshipper of the Wu Jian Council
  9317 | D:8      | Reached skill level 10 in Unarmed Combat
  9321 | D:8      | Reached * piety under Wu Jian
  9675 | D:8      | Learned a level 5 spell: Blade Hands
  9705 | D:8      | Reached XP level 10. HP: 31/71 MP: 20/20
  9926 | D:8      | Found a transporter.
  9942 | D:8      | Found a transporter.
 10096 | D:8      | Noticed Tenar's ghost (novice BaEE)
 10831 | D:9      | Noticed Joseph
 10853 | D:9      | Killed Joseph
 11121 | D:9      | Found a transporter.
 11121 | D:9      | Found a transporter.
 11157 | D:9      | Reached skill level 11 in Unarmed Combat
 11335 | D:9      | Found Lessy's Assorted Antiques.
 11499 | D:9      | Bought a scroll labeled DAORGHA NUPTEPP for 38 gold pieces
 11499 | D:9      | Bought a scroll labeled FANUUN OZOS for 38 gold pieces
 11499 | D:9      | Bought a murky white potion for 34 gold pieces
 11499 | D:9      | Bought a bubbling pink potion for 34 gold pieces
 11499 | D:9      | Bought a triangular garnet amulet for 190 gold pieces
 11543 | D:9      | Noticed xnihilo's ghost (journeyman FoBe)
 11599 | D:9      | Noticed Maurice
 11611 | D:9      | Killed Maurice
 11745 | D:9      | Found a burning altar of Makhleb.
 11746 | D:9      | Found a shimmering altar of Xom.
 12108 | D:9      | Killed xnihilo's ghost
 12113 | D:9      | Reached skill level 12 in Unarmed Combat
 12133 | D:9      | HP: 3/71 [poisoned by a queen bee]
 12138 | D:9      | HP: 2/71 [poisoned by a queen bee]
 12145 | D:9      | HP: 2/71 [poisoned by a queen bee]
 12552 | D:10     | Entered Level 10 of the Dungeon
 12773 | D:10     | Noticed a brown ugly thing
 13154 | D:10     | Reached XP level 11. HP: 77/77 MP: 21/23
 13177 | D:10     | Killed a brown ugly thing
 14397 | D:11     | Noticed a seven-headed hydra
 14575 | D:11     | Found Vookk's Armour Boutique.
 14577 | D:11     | Found a staircase to the Orcish Mines.
 14656 | D:11     | Killed a seven-headed hydra
 14790 | D:11     | Noticed Harold
 14798 | D:11     | Killed Harold
 14928 | D:11     | Noticed a brown ugly thing
 14935 | D:11     | Killed a brown ugly thing
 15523 | D:11     | Found a staircase to the Lair.
 15589 | D:11     | Reached skill level 13 in Unarmed Combat
 15951 | D:11     | Reached ** piety under Wu Jian
 16402 | D:12     | Noticed Psyche
 16404 | D:12     | Killed Psyche
 16413 | D:12     | HP: 3/77 [vampire mosquito (13)]
 16477 | D:12     | Found a flagged portal.
 16481 | D:12     | Reached skill level 10 in Transmutations
 16488 | Bailey   | Entered a bailey
 17948 | Bailey   | Reached *** piety under Wu Jian
 18275 | Bailey   | Reached XP level 12. HP: 83/83 MP: 25/25
 18900 | D:12     | Noticed Urug
 18922 | D:12     | Killed Urug
 18937 | D:12     | Reached skill level 14 in Unarmed Combat
 18996 | D:12     | Noticed Snorg
 19013 | D:12     | Slain by a cyclops

Levels and vault maps discovered:
D:1:      dpeg_arrival_ternary, layout_basic
D:2:      layout_basic, serial_curves, eino_curves_04, eino_curves_03,
          eino_curves_02, first_ration, amethyst_killhole, nrook_mini_vaults,
          serial_bayou_lake_a
D:3:      layout_rooms, grunt_gozag_statues, serial_glass, glass_columns_b,
          glass_columns_c, glass_columns_c, glass_columns_a, glass_columns_a,
          glass_columns_a, glass_columns_b, glass_columns_a, glass_columns_a,
          glass_columns_b, chequers_big_river, grunt_ministairs_15,
          uniq_crazy_yiuf_cottage
D:4:      layout_cave_pods, zin_statuary, old_standard_altar,
          ebering_ghost_rock_garden, uniq_edmund, uniq_eustachio
D:5:      layout_cave_pools, vehumet_statue, eat_drink_and_be_merry_uskayaw
D:6:      layout_loops_corners, uniq_prince_ribbit1
D:7:      layout_basic, minmay_temple_entry_junction_2, the_bakery
D:8:      minmay_the_grid_four_pointed_star [minmay_the_grid_triangle_9x9_empty,
          minmay_the_grid_triangle_9x9_descending_squares,
          minmay_the_grid_triangle_9x9_pentomino_pain,
          minmay_the_grid_triangle_9x9_sprig, minmay_the_grid_prize_trominoes],
          layout_rooms, gammafunk_ghost_stat_death
D:9:      layout_roguey, grunt_temple_overflow_champion_of_chaos,
          gammafunk_ghost_hive, serial_shops, shop, uniq_joseph, uniq_maurice
D:10:     layout_rooms
D:11:     layout_grid_maze, lair_entry_dummy, orc_david_3, uniq_harold
D:12:     layout_small_grid, enter_bailey_3, kennysheep_generic_room_9,
          uniq_psyche, uniq_urug, uniq_snorg, uniq_kirke
Temple:   regret_index_temple_waves

Skill      XL: |  1  2  3  4  5  6  7  8  9 10 11 12 |
---------------+-------------------------------------+-----
Unarmed Combat | 4 5 6 7 8 10 12 13 14 | 14.0
Transmutations | 3 4 6 7 8 10 | 10.0
Spellcasting   | 3 4 5 6 8 9 |  9.6
Fighting       | |  1.1
Dodging        | |  1.7

Action                   |  1- 3 |  4- 6 |  7- 9 | 10-12 || total
-------------------------+-------+-------+-------+-------++-------
Melee: Unarmed           |   116 |   132 |   333 |   458 ||  1039
       Kick              |     9 |     1 |    17 |    14 ||    41
       Tailslap          |     6 |     6 |    19 |    39 ||    70
       Punch             |     2 |       |     3 |    10 ||    15
       Headbutt          |     3 |     4 |     5 |     2 ||    14
 Cast: Beastly Appendage |    22 |    12 |    20 |    21 ||    75
       Sticks to Snakes  |     1 |       |       |     1 ||     2
       Spider Form       |     1 |     7 |    10 |     6 ||    24
       Blade Hands       |       |       |       |    18 ||    18
Invok: Lunge             |       |       |     8 |    44 ||    52
       Whirlwind         |       |       |       |    30 ||    30
 Abil: Breathe Acid      |       |       |    21 |    25 ||    46
       End Transformatio |       |       |     1 |       ||     1
Evoke: Wand              |       |       |       |     4 ||     4
  Use: Scroll            |     7 |     2 |     5 |    12 ||    26
       Potion            |     1 |       |     2 |    13 ||    16
 Stab: Invisible         |       |       |       |     4 ||     4
       Distracted        |       |       |       |     1 ||     1
  Eat: Chunk             |     5 |     4 |    15 |    22 ||    46
       Ration            |       |     1 |     2 |     5 ||     8
Armor: Skin              |    37 |    37 |    52 |    91 ||   217
Dodge: Dodged            |    72 |    88 |   209 |   258 ||   627
       Deflected         |       |       |       |    10 ||    10

Table legend:
 A = Non-vault XP
 B = Vault XP
 C = Vault XP percentage of total XP
 D = Non-vault monster count
 E = Vault monster count
 F = Vault count percentage of total count
                 A         B        C        D         E       F
            +---------+---------+-------+---------+---------+-------
      Total |   13949 |   10053 |  41.9 |     202 |      77 |  27.6
            +---------+---------+-------+---------+---------+-------
        D:1 |      27 |       0 |   0.0 |      15 |       0 |   0.0
        D:2 |      33 |       0 |   0.0 |      17 |       0 |   0.0
        D:3 |     121 |      45 |  27.1 |      20 |       3 |  13.0
        D:4 |     304 |     366 |  54.6 |      22 |       2 |   8.3
        D:5 |     540 |       0 |   0.0 |      12 |       0 |   0.0
        D:6 |    1144 |     264 |  18.8 |      18 |       1 |   5.3
        D:7 |     532 |     234 |  30.5 |      21 |       1 |   4.5
        D:8 |     982 |    1192 |  54.8 |      17 |       9 |  34.6
        D:9 |    1343 |    3204 |  70.5 |      12 |      13 |  52.0
       D:10 |    1333 |       0 |   0.0 |       9 |       0 |   0.0
       D:11 |    4820 |    1155 |  19.3 |      27 |       3 |  10.0
       D:12 |    2770 |    1303 |  32.0 |      12 |       6 |  33.3
     Bailey |       0 |    2290 | 100.0 |       0 |      39 | 100.0
            +---------+---------+-------+---------+---------+-------
